AA NE
BOWIE BAYSOX @ NEW HAMPSHIRE FISHER CATS
08/30/2041
 
TOP OF THE 1ST
Bowie Baysox batting - Pitching for New Hampshire Fisher Cats : RHP Jim Cox
Pitching: RHP Jim Cox
Batting: RHB Jon Hughes 0-0: Called Strike
0-1: Ball
1-1: SINGLE (Line Drive, 4D, EV 110.0 MPH)
Batting: RHB Julius Green 0-0: Ball
1-0: Swinging Strike
1-1: Ball
2-1: Called Strike
2-2: Foul Ball, location: 3SF
2-2: Foul Ball, location: 3DF
2-2: Ball
3-2: Base on Balls
Jon Hughes to second
Batting: LHB Ethan Wigton 0-0: Ball
1-0: Ball
2-0: Foul Ball, location: 2F
2-1: Foul Ball, location: 2F
2-2: Strikes out looking
Batting: RHB Chuck Lee 0-0: Ball
1-0: Called Strike
1-1: Fly out, F8 (Flyball, 89M, EV 91.3 MPH)
Batting: LHB Robby Bennett 0-0: Ground out U3 (Groundball, 3, EV 65.6 MPH)
Top of the 1st over - 0 runs, 1 hit, 0 errors, 2 left on base; Bowie 0 - New Hampshire 0
BOTTOM OF THE 1ST
New Hampshire Fisher Cats batting - Pitching for Bowie Baysox : RHP Duane Wilson
Pitching: RHP Duane Wilson
Batting: RHB Rogerio López 0-0: Ball
1-0: Called Strike
1-1: Ground out 4-3 (Groundball, 34, EV 89.4 MPH)
Batting: LHB Octávio Galván 0-0: Ball
1-0: Ball
2-0: Ball
3-0: Base on Balls
Batting: SHB Dan Tutt 0-0: Foul Ball, location: 2F
0-1: Foul Ball, location: 2F
0-2: Ball
1-2: Fly out, F3 (Popup, 3L, EV 64.4 MPH)
Batting: RHB Raúl Ramírez 0-0: Ball
1-0: Foul Ball, location: 3F
1-1: Swinging Strike
1-2: Strikes out swinging
Bottom of the 1st over - 0 runs, 0 hits, 0 errors, 1 left on base; Bowie 0 - New Hampshire 0
TOP OF THE 2ND
Bowie Baysox batting - Pitching for New Hampshire Fisher Cats : RHP Jim Cox
Batting: RHB Luis Antonio Baca 0-0: Foul Ball, location: 3F
0-1: Swinging Strike
0-2: Foul Ball, location: 2F
0-2: Ball
1-2: Ball
2-2: Ball
3-2: Ground out 5-3 (Groundball, 56, EV 77.5 MPH)
Batting: RHB Brad Johnson 0-0: Ball
1-0: Ball
2-0: Ball
3-0: Called Strike
3-1: Called Strike
3-2: Strikes out swinging
Batting: RHB Chad Morris 0-0: Ball
1-0: Ball
2-0: Fly out, F8 (Flyball, 8RM, EV 96.3 MPH)
Top of the 2nd over - 0 runs, 0 hits, 0 errors, 0 left on base; Bowie 0 - New Hampshire 0
BOTTOM OF THE 2ND
New Hampshire Fisher Cats batting - Pitching for Bowie Baysox : RHP Duane Wilson
Batting: LHB Jerry Brewer 0-0: Ball
1-0: Swinging Strike
1-1: Foul Ball, location: 3F
1-2: Ball
2-2: SOLO HOME RUN (Flyball, 9D, EV 100.0 MPH), Distance : 398 ft
Batting: RHB Juan Vázquez 0-0: Called Strike
0-1: Fly out, F7 (Flyball, 7, EV 80.0 MPH)
Batting: RHB Juan Flores 0-0: Ball
1-0: Ground out 6-3 (Groundball, 6, EV 86.9 MPH)
Batting: RHB Gherardo Cantavalle 0-0: Ball
1-0: Ball
2-0: Ball
3-0: Base on Balls
Batting: RHB Ed Smith 0-0: Swinging Strike
0-1: Called Strike
0-2: Ball
1-2: Ball
2-2: Strikes out swinging
Bottom of the 2nd over - 1 run, 1 hit, 0 errors, 1 left on base; Bowie 0 - New Hampshire 1
TOP OF THE 3RD
Bowie Baysox batting - Pitching for New Hampshire Fisher Cats : RHP Jim Cox
Batting: RHB Jesús González 0-0: Ground out 4-3 (Groundball, 4, EV 103.8 MPH)
Batting: RHB Jon Hughes 0-0: Called Strike
0-1: Ball
1-1: Ground out 5-3 (Groundball, 56, EV 105.6 MPH)
Batting: RHB Julius Green 0-0: Called Strike
0-1: Called Strike
0-2: Ball
1-2: Ball
2-2: Strikes out swinging
Top of the 3rd over - 0 runs, 0 hits, 0 errors, 0 left on base; Bowie 0 - New Hampshire 1
BOTTOM OF THE 3RD
New Hampshire Fisher Cats batting - Pitching for Bowie Baysox : RHP Duane Wilson
Batting: RHB Rogerio López 0-0: Ball
1-0: Ball
2-0: Called Strike
2-1: Ball
3-1: Called Strike
3-2: Strikes out swinging
Batting: LHB Octávio Galván 0-0: Ball
1-0: Swinging Strike
1-1: Ball
2-1: Foul Ball, location: 7LDF
2-2: Foul Ball, location: 2F
2-2: Foul Ball, location: 5DF
2-2: Foul Ball, location: 2F
2-2: Strikes out swinging
Batting: SHB Dan Tutt 0-0: Ball
1-0: Ball
2-0: Ground out U3 (Groundball, 3, EV 83.8 MPH)
Bottom of the 3rd over - 0 runs, 0 hits, 0 errors, 0 left on base; Bowie 0 - New Hampshire 1
TOP OF THE 4TH
Bowie Baysox batting - Pitching for New Hampshire Fisher Cats : RHP Jim Cox
Batting: LHB Ethan Wigton 0-0: Ball
1-0: Ball
2-0: Foul Ball, location: 2F
2-1: Swinging Strike
2-2: Fly out, F5 (Popup, 25F, EV 86.3 MPH)
Batting: RHB Chuck Lee 0-0: Ball
1-0: Ball
2-0: DOUBLE (Flyball, 78D, EV 109.4 MPH)
Batting: LHB Robby Bennett 0-0: Ball
1-0: Foul Ball, location: 5FF
1-1: Ball
2-1: Ball
3-1: Foul Ball, location: 2F
3-2: Strikes out swinging
Batting: RHB Luis Antonio Baca 0-0: Ball
1-0: Ball
2-0: Foul Ball, location: 9LDF
2-1: Foul Ball, location: 9LSF
2-2: Ball
3-2: Strikes out swinging
Top of the 4th over - 0 runs, 1 hit, 0 errors, 1 left on base; Bowie 0 - New Hampshire 1
BOTTOM OF THE 4TH
New Hampshire Fisher Cats batting - Pitching for Bowie Baysox : RHP Duane Wilson
Batting: RHB Raúl Ramírez 0-0: Ball
1-0: Fly out, F7 (Flyball, 78D, EV 103.8 MPH)
Batting: LHB Jerry Brewer 0-0: Ball
1-0: Ball
2-0: Foul Ball, location: 2F
2-1: Swinging Strike
2-2: Ground out 6-3 (Groundball, 56D, EV 103.8 MPH)
Batting: RHB Juan Vázquez 0-0: Swinging Strike
0-1: Called Strike
0-2: Ball
1-2: Ball
2-2: Fly out, F8 (Flyball, 78M, EV 93.1 MPH)
Bottom of the 4th over - 0 runs, 0 hits, 0 errors, 0 left on base; Bowie 0 - New Hampshire 1
TOP OF THE 5TH
Bowie Baysox batting - Pitching for New Hampshire Fisher Cats : RHP Jim Cox
Batting: RHB Brad Johnson 0-0: Ball
1-0: Fly out, F8 (Line Drive, 8LS, EV 93.8 MPH)
Batting: RHB Chad Morris 0-0: Ball
1-0: Swinging Strike
1-1: Fly out, F9 (Flyball, 89S, EV 86.3 MPH)
Batting: RHB Jesús González 0-0: Called Strike
0-1: Ball
1-1: Ground out 6-3 (Groundball, 6, EV 88.1 MPH)
Top of the 5th over - 0 runs, 0 hits, 0 errors, 0 left on base; Bowie 0 - New Hampshire 1
BOTTOM OF THE 5TH
New Hampshire Fisher Cats batting - Pitching for Bowie Baysox : RHP Duane Wilson
Batting: RHB Juan Flores 0-0: Called Strike
0-1: DOUBLE (Flyball, 89XD, EV 91.9 MPH)
Batting: RHB Gherardo Cantavalle 0-0: Foul Ball, location: 3F
0-1: Called Strike
0-2: Ball
1-2: Strikes out swinging
Batting: RHB Ed Smith 0-0: Called Strike
0-1: Swinging Strike
0-2: Ball
1-2: Ball
2-2: Ball
3-2: Foul Ball, location: 2F
3-2: Base on Balls
Batting: RHB Rogerio López 0-0: Grounds into double play, 4-6-3 (Groundball, 4S, EV 91.3 MPH)
Bottom of the 5th over - 0 runs, 1 hit, 0 errors, 1 left on base; Bowie 0 - New Hampshire 1
TOP OF THE 6TH
Bowie Baysox batting - Pitching for New Hampshire Fisher Cats : RHP Jim Cox
Batting: RHB Jon Hughes 0-0: Hit by Pitch
Batting: RHB Julius Green 0-0: Ball
1-0: Ball
Jon Hughes steals 2nd base
2-0: Called Strike
2-1: Ball
3-1: Swinging Strike
3-2: Strikes out swinging
Batting: LHB Ethan Wigton 0-0: Ball
1-0: Ball
2-0: Called Strike
2-1: Ball
3-1: Called Strike
3-2: Ground out 4-3 (Groundball, 4S, EV 72.5 MPH)
Jon Hughes to third
Batting: RHB Chuck Lee 0-0: Ball
1-0: Ball
2-0: SINGLE (Flyball, 9LS, EV 96.9 MPH)
Jon Hughes scores
Batting: LHB Robby Bennett 0-0: Ball
1-0: Foul Ball, location: 3FF
1-1: Ball
2-1: DOUBLE (Line Drive, 78XD, EV 104.4 MPH)
Chuck Lee to third
Runner from 3rd tries for Home, SAFE, no throw by CF
Batting: RHB Luis Antonio Baca 0-0: Ball
1-0: Ball
2-0: Ball
3-0: Called Strike
3-1: Foul Ball, location: 9LDF
3-2: SINGLE (Line Drive, 9S, EV 98.1 MPH)
Robby Bennett to third
Runner from 3rd tries for Home, throw by RF and OUT! 9-2
Top of the 6th over - 2 runs, 3 hits, 0 errors, 1 left on base; Bowie 2 - New Hampshire 1
BOTTOM OF THE 6TH
New Hampshire Fisher Cats batting - Pitching for Bowie Baysox : RHP Duane Wilson
Batting: LHB Octávio Galván 0-0: Foul Ball, location: 2F
0-1: Ball
1-1: Fly out, F7 (Line Drive, 7S, EV 88.1 MPH)
Batting: SHB Dan Tutt 0-0: Called Strike
0-1: Ball
1-1: Ground out U3 (Groundball, 34S, EV 83.8 MPH)
Batting: RHB Raúl Ramírez 0-0: Ball
1-0: Ball
2-0: Ball
3-0: Base on Balls
Batting: LHB Jerry Brewer 0-0: Ball
1-0: Called Strike
1-1: Ball
Raúl Ramírez is caught stealing 2nd base 2-6
Bottom of the 6th over - 0 runs, 0 hits, 0 errors, 0 left on base; Bowie 2 - New Hampshire 1
TOP OF THE 7TH
Bowie Baysox batting - Pitching for New Hampshire Fisher Cats : RHP Jim Cox
Batting: RHB Brad Johnson 0-0: Called Strike
0-1: Swinging Strike
0-2: Ball
1-2: Ball
2-2: Foul Ball, location: 5SF
2-2: Ground out 6-3 (Groundball, 6, EV 109.4 MPH)
Pitching: RHP Tony Rivera
Batting: RHB Chad Morris 0-0: Called Strike
0-1: Ball
1-1: Foul Ball, location: 9LSF
1-2: Strikes out looking
Batting: RHB Jesús González 0-0: Fly out, F8 (Flyball, 8RM, EV 90.0 MPH)
Top of the 7th over - 0 runs, 0 hits, 0 errors, 0 left on base; Bowie 2 - New Hampshire 1
BOTTOM OF THE 7TH
New Hampshire Fisher Cats batting - Pitching for Bowie Baysox : RHP Duane Wilson
Batting: LHB Jerry Brewer 0-0: Ball
1-0: Called Strike
1-1: Foul Ball, location: 2F
1-2: Foul Ball, location: 2F
1-2: Ball
2-2: Strikes out swinging
Pitching: RHP Kevin Beach
Batting: RHB Juan Vázquez 0-0: Ball
1-0: Ball
2-0: Ground out 5-3 (Groundball, 56, EV 102.5 MPH)
Batting: RHB Juan Flores 0-0: Ball
1-0: Ball
2-0: Foul Ball, location: 23FF
2-1: Ground out 6-3 (Groundball, 6, EV 86.3 MPH)
Bottom of the 7th over - 0 runs, 0 hits, 0 errors, 0 left on base; Bowie 2 - New Hampshire 1
TOP OF THE 8TH
Bowie Baysox batting - Pitching for New Hampshire Fisher Cats : RHP Tony Rivera
Batting: RHB Jon Hughes 0-0: Reached on error, E6 (Groundball, 6M, EV 78.1 MPH)
Batting: RHB Julius Green 0-0: Ball
Jon Hughes steals 2nd base
1-0: Foul Ball, location: 2F
1-1: Swinging Strike
1-2: Foul Ball, location: 2F
1-2: Strikes out looking
Batting: LHB Ethan Wigton 0-0: Ball
1-0: Ball
2-0: Foul Ball, location: 3FF
2-1: Fly out, F8 (Flyball, 8RD, EV 105.0 MPH)
Batting: RHB Chuck Lee 0-0: Ball
1-0: Foul Ball, location: 2LF
1-1: Foul Ball, location: 23FF
1-2: Foul Ball, location: 9LDF
1-2: Strikes out swinging
Top of the 8th over - 0 runs, 0 hits, 1 error, 1 left on base; Bowie 2 - New Hampshire 1
BOTTOM OF THE 8TH
New Hampshire Fisher Cats batting - Pitching for Bowie Baysox : RHP Kevin Beach
Batting: RHB Gherardo Cantavalle 0-0: Called Strike
0-1: Swinging Strike
0-2: Ball
1-2: Strikes out swinging
Batting: RHB Ed Smith 0-0: Ball
1-0: Ball
2-0: Called Strike
2-1: Foul Ball, location: 5FF
2-2: Ball
3-2: Strikes out swinging
Batting: RHB Rogerio López 0-0: Foul Ball, location: 23F
0-1: Ball
1-1: SINGLE (Groundball, 4MD, EV 106.3 MPH) (infield hit)
Batting: LHB Octávio Galván 0-0: Foul Ball, location: 2F
0-1: Ball
1-1: Called Strike
1-2: Ball
2-2: Ball
3-2: Ground out U3 (Groundball, 3, EV 83.8 MPH)
Bottom of the 8th over - 0 runs, 1 hit, 0 errors, 1 left on base; Bowie 2 - New Hampshire 1
TOP OF THE 9TH
Bowie Baysox batting - Pitching for New Hampshire Fisher Cats : RHP Tony Rivera
Batting: LHB Robby Bennett 0-0: Ball
1-0: Foul Ball, location: 2F
1-1: Foul Ball, location: 5SF
1-2: Ball
2-2: Strikes out swinging
Batting: RHB Luis Antonio Baca 0-0: Ball
1-0: Fly out, F9 (Flyball, 9, EV 91.3 MPH)
Batting: RHB Brad Johnson 0-0: Ball
1-0: Fly out, F9 (Flyball, 89M, EV 94.4 MPH)
Top of the 9th over - 0 runs, 0 hits, 0 errors, 0 left on base; Bowie 2 - New Hampshire 1
BOTTOM OF THE 9TH
New Hampshire Fisher Cats batting - Pitching for Bowie Baysox : RHP Kevin Beach
Pitching: RHP Luis López
Now in LF: Doug Brown
Batting: SHB Dan Tutt 0-0: Ball
1-0: Called Strike
1-1: Foul Ball, location: 5DF
1-2: Strikes out looking
Batting: RHB Raúl Ramírez 0-0: Ball
1-0: Ball
2-0: Called Strike
2-1: Called Strike
2-2: Strikes out swinging
Batting: LHB Jerry Brewer 0-0: Ball
1-0: Foul Ball, location: 7LMF
1-1: Foul Ball, location: 7LMF
1-2: Ground out 6-3 (Groundball, 6, EV 83.8 MPH)
Bottom of the 9th over - 0 runs, 0 hits, 0 errors, 0 left on base; Bowie 2 - New Hampshire 1
Monday, April 1st , 2024 - OOTP Baseball 24.10 Build 82